 Dungeon Crawl Stone Soup version 0.30.1-4-g462c640d31 (webtiles) character file.

Game seed: 16433876309507158187

54 boopmooplesden the Covered (level 3, -1/33 HPs)
             Began as an Armataur Fighter on Sept 8, 2023.
             Slain by Natasha (5 damage)
             ... on level 2 of the Dungeon.
             The game lasted 00:01:31 (1021 turns).

boopmooplesden the Covered (Armataur Fighter)       Turns: 1021, Time: 00:01:32

Health: -1/33      AC:  7    Str: 29    XL:     3   Next: 66%
Magic:  3/3        EV:  8    Int:  8    God:
Gold:   40         SH:  4    Dex:  9    Spells: 2/2 levels left

rFire   . . .        a - +0 war axe
rCold   . . .        c - +0 buckler
rNeg    . . .        b - +0 scale mail
rPois   .            (no helmet)
rElec   .            (no cloak)
rCorr   +            (no gloves)
SInv    .            (no barding)
Will    .....        (no amulet) Stlth
                     f - +6 ring of strength
HPRegen 0.25/turn    e - ring of resist corrosion
MPRegen 0.08/turn

%: roll
@: mighty
A: large, rugged brown scales 3, deformed body, armoured tail, roll, long
tongue, awkward tongue
a: no special abilities


You were on level 2 of the Dungeon.
You visited 1 branch of the dungeon, and saw 2 of its levels.

You collected 40 gold pieces.

Inventory:

Hand Weapons
 a - a +0 war axe (weapon)
 j - a +2 dagger of speed
Armour
 b - a +0 scale mail (worn)
 c - a +0 buckler (worn)
 k - a +0 robe of willpower
Jewellery
 e - a ring of resist corrosion (right hand)
 f - a +6 ring of strength (left hand)
Scrolls
 g - a scroll of noise {unknown}
Potions
 h - 3 potions of lignification
 i - a potion of mutation {unknown}
 l - 2 potions of haste {unknown}


   Skills:
 + Level 3.0 Fighting
 + Level 2.2 Axes
 + Level 4.1 Armour
 + Level 0.7 Dodging
 + Level 3.6 Shields


You had 2 spell levels left.
You didn't know any spells.
Your spell library contained the following spells:

 Spells                   Type           Power      Damage    Failure   Level
 Lesser Beckoning         Tloc           0%         N/A       85%         2
 Gell's Gravitas          Tloc           0%         N/A       97%         3
 Teleport Other           Tloc           0%         N/A       97%         3


Dungeon Overview and Level Annotations

Branches:
Dungeon (2/15)

Altars:

Annotations:
D:2 1 runed translucent door, Crazy Yiuf, Natasha


Innate Abilities, Weirdness & Mutations

You are completely covered in rugged brown scales. (AC +3, +7% HP)
Armour fits poorly on your strangely shaped body.
You have a long armoured tail.
You roll when moving toward enemies. (Rampage)
Your long tongue fully drains potion bottles. (2x potion effects)
Your tongue gives you trouble enunciating. (1.5x scroll delay)


Message History

The gnoll shouts!
Natasha mumbles some strange words.
Natasha's front paws start to glow.
You roll towards the gnoll!
A gnoll comes into view. It is wielding a +0 whip.
You closely miss the gnoll.
The gnoll shouts!
The gnoll hits you with a +0 club.
You slash the gnoll!
You kill the gnoll!
You barely miss Natasha. You block Natasha's attack.
Natasha claws you but does no damage.
Natasha stares at you and mumbles some strange words.
The magic dart hits you!
Natasha stares at you and mumbles some strange words.
You resist with significant effort.
You roll towards Natasha!
Natasha claws you but does no damage. You block the gnoll's attack.
You hit Natasha.
Natasha is lightly wounded.
Natasha casts a spell at you. The magic dart hits you.
The gnoll hits you from afar with a +0 spear.
Natasha claws you but does no damage.
You barely miss Natasha.
Natasha is lightly wounded.
You block the gnoll's attack. Natasha claws you.
The gnoll hits you from afar with a +0 spear.
* * * LOW HITPOINT WARNING * * *
You closely miss Natasha.
Natasha is lightly wounded.
You block Natasha's attack. You block the gnoll's attack. Natasha claws you.
* * * LOW HITPOINT WARNING * * *
You hit Natasha but do no damage.
Your tail-slap misses Natasha.
Natasha is lightly wounded.
The gnoll closely misses you. Natasha barely misses you.
You feel very mighty all of a sudden.
You slurp down every last drop of the potion of might!
The gnoll completely misses you. Natasha claws you.
You die...

#..######.#..#
#.([..†...#..#
##.#.######..#
#.#######....)......###
#......................
#####........#####.##.
#.##........ .##.
#.##...#+#.. #<
#@##..## #.. ##.
#h#...# ....#.. #gg.###
#..... #..## ##....
#).# #.... ...# #.#..
#.#.. #..##. #. #..
.... #. #. ##. .## ##


You could see Natasha and 2 gnolls.

Vanquished Creatures
  A gnoll (D:2)
  A worm (D:2)
  A dart slug (D:1)
  4 bats (D:1)
  2 endoplasms (D:1)
  2 giant cockroaches
  7 goblins (D:1)
  3 hobgoblins
  5 kobolds
  A quokka (D:1)
  2 ball pythons (D:1)
  2 frilled lizards (D:2)
  5 rats
36 creatures vanquished.

Notes
Turn   | Place    | Note
-------+----------+-------------------------------------------
     0 | D:1      | boopmooplesden the Armataur Fighter began the quest for the
                  | Orb.
     0 | D:1      | Reached XP level 1. HP: 19/19 MP: 1/1
   204 | D:1      | Reached XP level 2. HP: 24/26 MP: 2/2
   335 | D:1      | Reached skill level 4 in Armour
   518 | D:1      | Reached XP level 3. HP: 32/33 MP: 3/3
   901 | D:2      | Found a runed translucent door.
   902 | D:2      | Noticed Crazy Yiuf
  1007 | D:2      | Noticed Natasha
  1021 | D:2      | Slain by Natasha

Illustrated notes

Levels and vault maps discovered:
D:1:      dpeg_arrival_subterranean_lakeside_camping, layout_loops_ring
D:2:      cheibrodos_greedy_goblins, layout_loops_ring, uniq_crazy_yiuf_cottage,
          uniq_natasha

Skill      XL: |  1  2 |
---------------+-------+-----
Armour         | 4 |  4.1
Fighting       | 3 |  3.0
Axes           | 2 |  2.2
Dodging        | |  0.7
Shields        | |  3.6

Action                     || total
---------------------------++-------
  Melee: War axe           ||   109
         Tailslap          ||     8
    Use: Scroll            ||     1
         Potion            ||     1
 Armour: Scale mail        ||    73
  Dodge: Dodged            ||    38
  Block: Buckler           ||    32
